 Dungeon Crawl Stone Soup version 0.29-a0-1016-g236c7fd91e (webtiles) character file.

Game seed: 6262772013327893521

4258 siradein the Fighter (level 10, -2/135 HPs)
             Began as a Purple Draconian Berserker on Aug 9, 2022.
             Was an Elder of Trog.
             Killed by divine providence
             ... invoked by an orc priest
              (12 damage)
             ... on level 9 of the Dungeon.
             The game lasted 00:15:49 (9003 turns).

siradein the Fighter (Purple Draconian Berserker)   Turns: 9003, Time: 00:15:50

Health: -2/135     AC: 25    Str: 24    XL:     10   Next: 10%
Magic:  10/10      EV:  2    Int:  6    God:    Trog [****..]
Gold:   379        SH:  0    Dex: 14    Spells: 9/9 levels left

rFire   . . .      SeeInvis .   C - +5 great sword
rCold   + . .      Faith    .   (shield currently unavailable)
rNeg    . . .      Spirit   .   (body armour unavailable)
rPois   +          Reflect  .   (helmet currently unavailable)
rElec   .          Harm     .   (cloak currently unavailable)
rCorr   .          Rampage  .   (gloves currently unavailable)
Will    +++..      NoTele   +   (boots currently unavailable)
Stlth   +.........              (no amulet)
HPRegen 1.32/turn               g - ring of protection from cold
MPRegen 0.12/turn               (no ring)

@: short of breath, tree-form, strong-willed, on berserk cooldown, regenerating,
slowed, very slow
A: stationary, stasis, torment immunity, boosted hp, (breathe power), AC +7,
unfitting armour, (cold-blooded), strong 1
a: Renounce Religion, Berserk, Trog's Hand, Brothers in Arms


You were on level 9 of the Dungeon.
You worshipped Trog.
Trog was greatly pleased with you.
You were a tree.
You visited 1 branch of the dungeon, and saw 9 of its levels.

You collected 379 gold pieces.

Inventory:

Hand Weapons
 s - a +2 scimitar
 C - a +5 great sword (weapon)
Missiles
 k - 43 stones (quivered)
 n - 2 javelins
 r - 6 curare-tipped darts
 A - a throwing net
Armour
 p - a +0 pair of gloves (melded)
Jewellery
 g - a ring of protection from cold (left branch)
 y - a ring of fire
Wands
 e - a wand of acid (12)
 t - a wand of roots (6)
 v - a wand of digging (2)
Scrolls
 c - 3 scrolls of enchant armour {unknown}
 d - 5 scrolls of vulnerability {unknown}
 f - 2 scrolls of noise {unknown}
 h - 2 scrolls of fog
 l - a scroll of summoning {unknown}
 o - 4 scrolls of blinking {unknown}
 q - 4 scrolls of teleportation {unknown}
 u - a scroll of poison {unknown}
 x - 2 scrolls of magic mapping
 D - a scroll of immolation {unknown}
 G - a scroll of fear {unknown}
 I - a scroll of acquirement {unknown}
Potions
 a - 5 potions of invisibility {unknown}
 b - a potion of heal wounds {unknown}
 j - a potion of lignification
 m - 2 potions of magic
 w - a potion of berserk rage {unknown}
 z - a potion of might {unknown}
 B - a potion of cancellation {unknown}
 E - a potion of resistance {unknown}
 F - a potion of curing {unknown}
Miscellaneous
 H - a condenser vane


   Skills:
 + Level 8.9 Fighting
 + Level 8.1 Long Blades
 + Level 6.2 Throwing
 + Level 7.4 Dodging


You had 9 spell levels left.
You didn't know any spells.
Your spell library was empty.

Dungeon Overview and Level Annotations

Branches:
Dungeon (9/15)             Temple (0/1) D:4
   Lair: D:8-11         Orc: D:9-12

Altars:
Ashenzari
Cheibriados
Dithmenos
Fedhas
Makhleb
Nemelex Xobeh
Okawaru
Qazlal
Sif Muna
Trog
Vehumet
Xom
Zin
The Shining One

Shops:
D:8 (

Annotations:
D:8 4 transporters


Innate Abilities, Weirdness & Mutations

You are a tree.
Your roots penetrate the ground, keeping you stationary.
You cannot be teleported.
You are immune to unholy pain and torment.
Your maximum health is greatly increased.
Your equipment is partially melded.
((You can breathe bolts of dispelling energy.))
((Your rich purple scales are hard. (AC +7)))
You cannot fit into any form of body armour.
((You are cold-blooded and may be slowed by cold attacks.))
Your muscles are strong. (Str +4, Int/Dex -1)


Message History

You turn into a tree.
Your +0 pair of gloves melds into your body.
Your roots penetrate the ground.
You feel very sick.
The orc warrior shouts!
The orc shouts!
You hear a shout!
The hornet stings you but does no damage. x2
You feel sick.
The hornet stings you but does no damage. x2
You cannot move. (Use ctrl+direction or * direction to attack while stationary and confused.)
You cannot move. (Use ctrl+direction or * direction to attack while stationary and confused.)
You cannot move. (Use ctrl+direction or * direction to attack while stationary and confused.)
You closely miss the hornet.
You feel less invigorated.
You feel less confused.
You feel sick.
The hornet stings you but does no damage. x2
The hornet stings you.
* * * LOW HITPOINT WARNING * * *
You feel as though you will be slow longer.
You closely miss the hornet.
You feel sick.
The hornet stings you but does no damage. x2
An orc priest comes into view. It is wielding a +0 mace.
An orc wizard comes into view. It is wielding a +0 dagger.
The hornet stings you.
* * * LOW HITPOINT WARNING * * *
You suddenly lose the ability to move!
You can move again.
Unknown command.
You slash the hornet!
The hornet is moderately wounded.
You feel sick.
You are no longer poisoned.
The hornet stings you but does no damage.
The orc priest mumbles some strange prayers to Beogh against you.
Beogh smites you!
* * * LOW HITPOINT WARNING * * *
An orc comes into view.
It is wielding a +0 trident and quivering silver boomerangs.
The hornet stings you but does no damage.
The orc priest invokes the aid of Beogh against you.
Beogh smites you!
You die...

#####.#.. #.... ###..
## ...# ##.. ...
#..## #... .... #..8
###.#. .....
#..###...#.
.....o####
#..##..####
.o...oy♣†#####..##.##
......##....##..8#.#


oo... #........##.##### .... ###.............. ... #...###.######### .. #..###
#......#### # #..# ######[...# )..$ ####.. .... ### You could see a hornet, an
orc warrior, an orc priest, an orc wizard and 2 orcs.

Vanquished Creatures
  Pikel (D:4)
  Maggie (D:7)
  A wyvern (D:8)
  A steam dragon (D:9)
  A black bear (D:8)
  A sky beast (D:7)
  3 orc warriors
  An ice beast (D:7)
  2 ogres
  A centaur (D:7)
  A lemure (D:4)
  A phantom (D:6)
  3 bullfrogs
  2 necrophages
  2 scorpions (D:6)
  14 wights
  4 killer bees (D:9)
  A howler monkey (D:7)
  A crimson imp (D:5)
  3 hounds
  2 jellies (D:5)
  6 orc priests
  Jessica (D:2)
  3 iguanas (D:6)
  10 orc wizards
  Robin (D:4)
  3 gnolls
  7 adders
  4 river rats (D:5)
  A shadow imp (D:5)
  2 white imps (D:7)
  An ufetubus (D:7)
  A worm (D:3)
  A dart slug (D:2)
  30 orcs
  4 bats
  9 endoplasms
  3 giant cockroaches
  16 goblins
  8 hobgoblins
  7 jackals
  6 kobolds
  3 quokkas
  7 ball pythons
  4 frilled lizards
  4 rats
189 creatures vanquished.

Vanquished Creatures (others)
  2 plants (D:5)
2 creatures vanquished.

Grand Total: 191 creatures vanquished

Notes
Turn   | Place    | Note
-------+----------+-------------------------------------------
     0 | D:1      | siradein the Draconian Berserker began the quest for the
                  | Orb.
     0 | D:1      | Reached XP level 1. HP: 19/19 MP: 1/1
   112 | D:1      | Reached XP level 2. HP: 26/26 MP: 2/2
   557 | D:1      | Found a faded altar of an unknown god.
   675 | D:1      | Reached XP level 3. HP: 31/33 MP: 3/3
  1364 | D:2      | Noticed Jessica
  1374 | D:2      | Killed Jessica
  1375 | D:2      | Reached XP level 4. HP: 34/40 MP: 4/4
  1580 | D:2      | Reached ** piety under Trog
  2764 | D:3      | Found a shadowy altar of Dithmenos.
  2773 | D:3      | Reached XP level 5. HP: 47/47 MP: 5/5
  3132 | D:3      | Gained mutation: Your muscles are strong. (Str +4, Int/Dex
                  | -1) [potion of mutation]
  3210 | D:3      | Found a snail-covered altar of Cheibriados.
  3309 | D:3      | Reached skill level 1 in Throwing
  3505 | D:3      | Found a broken altar of Ashenzari.
  3584 | D:4      | Found a staircase to the Ecumenical Temple.
  3636 | D:4      | Noticed a lemure
  3664 | D:4      | Killed a lemure
  3834 | D:4      | Found a blossoming altar of Fedhas.
  3882 | D:4      | Found a stormy altar of Qazlal.
  3886 | D:4      | Noticed a lemure
  3886 | D:4      | Noticed Pikel
  3889 | D:4      | Noticed a lemure
  3892 | D:4      | Noticed a lemure
  3898 | D:4      | Killed Pikel
  3899 | D:4      | Reached skill level 5 in Fighting
  3899 | D:4      | Reached skill level 5 in Long Blades
  3899 | D:4      | Reached XP level 6. HP: 56/56 MP: 6/6
  3899 | D:4      | Your scales start taking on a rich purple colour.
  3899 | D:4      | Reached XP level 7. HP: 61/61 MP: 7/7
  4105 | D:4      | Noticed Robin
  4120 | D:4      | Killed Robin
  4122 | D:4      | Reached *** piety under Trog
  4500 | D:4      | Found a glowing silver altar of Zin.
  4500 | D:4      | Noticed an angel
  4531 | D:5      | Entered Level 5 of the Dungeon
  4719 | D:5      | Found a glowing golden altar of the Shining One.
  4773 | D:5      | Found a sparkling altar of Nemelex Xobeh.
  4812 | D:5      | Reached skill level 5 in Dodging
  5147 | D:5      | Found a burning altar of Makhleb.
  5147 | D:5      | Found a shimmering altar of Xom.
  5162 | D:5      | Reached XP level 8. HP: 66/70 MP: 8/8
  5473 | D:6      | Found an iron altar of Okawaru.
  6299 | D:7      | Reached **** piety under Trog
  6299 | D:7      | Noticed Maggie
  6335 | D:7      | Killed Maggie
  6473 | D:7      | Reached XP level 9. HP: 79/79 MP: 9/9
  6686 | D:7      | Reached skill level 5 in Throwing
  6735 | D:7      | HP: 4/81 [ice beast (5)]
  7397 | D:8      | Found a transporter.
  7449 | D:8      | Found a transporter.
  7456 | D:8      | Found Vorog's Antique Weapon Emporium.
  7513 | D:8      | Found a transporter.
  7677 | D:8      | Found a transporter.
  7699 | D:8      | Found a radiant altar of Vehumet.
  8295 | D:9      | Found a bloodstained altar of Trog.
  8454 | D:9      | Found a shimmering blue altar of Sif Muna.
  8972 | D:9      | Reached XP level 10. HP: 89/89 MP: 10/10
  8995 | D:9      | Paralysed by a hornet for 2 turns
  8997 | D:9      | HP: 3/90 [hornet (9)]
  9002 | D:9      | Paralysed by a hornet for 2 turns
  9003 | D:9      | Killed from afar by an orc priest

Illustrated notes

Levels and vault maps discovered:
D:1:      lordsloth_arrival_two_stooges, layout_loops_ring,
          shapermc_ecumenical_altar_ellora, chequers_serial_rivers_large_b
D:2:      layout_basic, uniq_jessica
D:3:      layout_basic, nicolae_dithmenos_the_darkroom,
          mainiacjoe_overflow_divided_tiny, hangedman_decor_growths
D:4:      layout_rooms, grunt_qazlal_clouds, zin_angel,
          mainiacjoe_overflow_small_starburst, minmay_temple_entry_tees,
          serial_bayou_ford_a, uniq_robin, uniq_pikel
D:5:      wad_woods_tower, layout_rooms, mainiacjoe_overflow_six_doors_small,
          nicolae_overflow_crystal_walls,
          grunt_temple_overflow_champion_of_chaos
D:6:      layout_basic, mainiacjoe_overflow_tiny_flanked, serial_bayou_lagoon_a,
          minmay_misc_feat_square
D:7:      layout_basic, uniq_maggie
D:8:      layout_rooms, mainiacjoe_overflow_paths, serial_shops,
          nicolae_shop_crystal, nicolae_transporter_intersection
D:9:      layout_rooms, nicolae_overflow_hidden_temple,
          mainiacjoe_overflow_alcove_2, kennysheep_orc_sif_temple,
          serial_corexii_hall, corexii_hall_statues_l,
          chequers_hall_statues_corner_a

Skill      XL: |  1  2  3  4  5  6  7  8  9 |
---------------+----------------------------+-----
Dodging        | 3 4 5 6 7 |  7.4
Fighting       | 4 5 6 7 8 |  8.9
Long Blades    | 4 5 6 8 |  8.1
Throwing       | 2 3 4 6 |  6.2

Action                   |  1- 3 |  4- 6 |  7- 9 | 10-12 || total
-------------------------+-------+-------+-------+-------++-------
Melee: Falchion          |    90 |   135 |       |       ||   225
       Tailslap          |     9 |    24 |    48 |     3 ||    84
       Punch             |       |     4 |     2 |       ||     6
       Scimitar          |       |    57 |   200 |       ||   257
       Great sword       |       |       |   138 |    25 ||   163
Throw: Dart              |       |     6 |       |       ||     6
       Stone             |       |       |     1 |       ||     1
Invok: Berserk           |     3 |     2 |     4 |       ||     9
       Trog's Hand       |       |       |       |     1 ||     1
 Abil: Breathe Dispellin |       |       |    25 |     1 ||    26
  Use: Scroll            |       |     6 |     6 |       ||    12
       Potion            |       |     1 |       |     2 ||     3
 Stab: Sleeping          |       |       |     1 |       ||     1
Armor: Skin              |    31 |    53 |   110 |    23 ||   217
Dodge: Dodged            |    59 |   128 |   269 |    31 ||   487

Table legend: (Time is in decaauts)
 A = Elapsed time spent in this place.
 B = Non-inter-level travel time spent in this place.
 C = Inter-level travel time spent in this place.
 D = Time resting spent in this place.
 E = Time spent auto-exploring this place.
 F = Levels seen in this place.
 G = Mean time per level.
                   A        B        C        D        E       F      G
               +--------+--------+--------+--------+--------+-----+--------+
         Total |   9240 |   8948 |    292 |      1 |   7548 |   9 | 1026.7 |
       Dungeon |   9240 |   8948 |    292 |      1 |   7548 |   9 | 1026.7 |
               +--------+--------+--------+--------+--------+-----+--------+

Top non-repeatable levels by time:
     D:2: 1403 daAuts
     D:1: 1167 daAuts
     D:7: 1136 daAuts
     D:3: 1133 daAuts
     D:4: 986 daAuts
     D:6: 931 daAuts
     D:8: 914 daAuts
     D:5: 836 daAuts
     D:9: 730 daAuts
